 Dungeon Crawl Stone Soup version 0.27.1-33-g824d729ab1 (webtiles) character file.

Game seed: 17468754765817935140

67 zeram the Caller (level 3, -2/46 HPs)
             Began as a Troll Summoner on Dec 10, 2021.
             Slain by a sky beast (5 damage)
             ... on level 3 of the Dungeon.
             The game lasted 00:03:39 (1950 turns).

zeram the Caller (Troll Summoner)                   Turns: 1950, Time: 00:03:39

Health: -2/46      AC:  4    Str: 16    XL:     3   Next: 98%
Magic:  1/3        EV: 10    Int: 12    God:
Gold:   77         SH:  0    Dex: 10    Spells: 2/4 levels left

rFire    . . .     SeeInvis .   l - +4 short sword
rCold    . . .     Faith    .   (no shield)
rNeg     . . .     Spirit   .   a - +0 robe
rPois    .         Reflect  .   (helmet restricted)
rElec    .         Harm     .   (no cloak)
rCorr    .         Rampage  .   (gloves unavailable)
Will     .....                  (boots unavailable)
Stlth    ..........             (no amulet)
HPRegen  1.15/turn              (no ring)
MPRegen  0.08/turn              (no ring)

@: berserking (expiring), very quick
A: large, unfitting armour, claws 3, regeneration 1, shaggy fur 1, tough skin 1
a: no special abilities


You were on level 3 of the Dungeon.
You visited 1 branch of the dungeon, and saw 3 of its levels.

You collected 77 gold pieces.

Inventory:

Hand Weapons
 b - a +0 whip
 c - a +1 club
 l - a +4 short sword (weapon)
Missiles
 i - a throwing net
Armour
 a - a +0 robe (worn)
Wands
 j - a wand of mindburst (14)
Scrolls
 m - a scroll of enchant weapon
 o - a scroll of identify
Potions
 e - a potion of flight
 f - a potion of curing {unknown}
 g - a potion of attraction {unknown}
 h - a potion of might {unknown}
 k - a potion of degeneration {unknown}
 n - a potion of brilliance {unknown}


   Skills:
 + Level 0.3 Short Blades
 - Level 0.3 Maces & Flails
 * Level 2.7 Dodging
 - Level 1.0 Stealth
 - Level 1.2 Spellcasting
 + Level 3.5 Summonings


You had 2 spell levels left.
You knew the following spells:

 Your Spells              Type           Power      Damage    Failure   Level
b - Call Imp              Summ           9%         N/A       11%         2

Your spell library contained the following spells:

 Spells                   Type           Power      Damage    Failure   Level
 Summon Small Mammal      Summ           36%        N/A       7%          1
 Slow                     Hex            0%         N/A       41%         2
 Call Canine Familiar     Summ           9%         N/A       21%         3
 Summon Guardian Golem    Hex/Summ       4%         N/A       41%         3
 Confusing Touch          Hex            0%         N/A       65%         3
 Summon Lightning Spire   Summ/Air       4%         N/A       82%         4
 Hailstorm                Conj/Ice       0%         3d3       96%         4
 Ice Form                 Ice/Tmut       0%         N/A       96%         4
 Yara's Violent Unravell  Hex/Tmut       0%         3d3       100%        5
 Simulacrum               Ice/Necr       0%         N/A       100%        6


Dungeon Overview and Level Annotations

Branches:
Dungeon (3/15)

Altars:
Qazlal

Shops:
D:1 (   D:2 *


Innate Abilities, Weirdness & Mutations

You are too large for most types of armour.
You have claws for hands.
Your natural rate of healing is unusually fast.
You are covered in fur. (AC +1)
You have tough skin. (AC +1)


Message History

Okay, then.
Okay, then.
Your magical contamination has completely faded away.
A sky beast appears from thin air!
Reactivating autopickup.
Casting: Call Imp (safe; 11% risk of failure)
Confirm with . or Enter, or press ? or * to list all spells.
A beastly little devil appears in a puff of frigid air.
The sky beast flickers out of sight!
Deactivating autopickup; reactivate with Ctrl-A.
Something hits you. Something shocks you.
You completely miss something. Something hits you. Something shocks you.
Your white imp closely misses something.
You miss something. Something hits you. Something shocks you.
Your white imp closely misses something.
You hit something. Something hits you but does no damage.
Your white imp misses something.
You miss something. Something hits you but does no damage.
Your white imp closely misses something.
A red film seems to cover your vision as you go berserk!
You feel yourself moving faster!
You feel mighty! Something hits you but does no damage.
Your white imp barely misses something.
You miss something. Something hits you but does no damage.
Your white imp hits something.
Your white imp freezes something.
You barely miss something. Something hits you. Something shocks you.
You closely miss something.
Your white imp closely misses something.
You closely miss something. Something hits you. Something shocks you.
* * * LOW HITPOINT WARNING * * *
Your white imp misses something.
You miss something. Something hits you but does no damage.
You barely miss something.
Your white imp misses something.
Something hits you.
* * * LOW HITPOINT WARNING * * *
Something shocks you.
* * * LOW HITPOINT WARNING * * *
You closely miss something.
Your white imp barely misses something.
You completely miss something. Something hits you.
* * * LOW HITPOINT WARNING * * *
Something shocks you.
You die...

.......###.###.....# #.
#...........#....## # # #.
##.##.###.#.#.#.###### #.#.###.
#.##.####...........####.......
#............#.####............
####.................#.#######.
#######.#######.....# #.
#.#######.###.#######.
#..5{@....# #.........
#########.###.######## #.....#
#######


You could see a friendly white imp (summoned).

Vanquished Creatures
  2 adders
  5 ball pythons
  5 bats
  3 endoplasms
  A giant cockroach (D:2)
  3 goblins
  2 hobgoblins
  6 kobolds
  3 quokkas
  5 rats
35 creatures vanquished.

Vanquished Creatures (collateral kills)
  A gnoll (D:1)
  An adder (D:3)
  A hobgoblin (D:1)
3 creatures vanquished.

Grand Total: 38 creatures vanquished

Notes
Turn   | Place    | Note
-------+----------+-------------------------------------------
     0 | D:1      | zeram the Troll Summoner began the quest for the Orb.
     0 | D:1      | Reached XP level 1. HP: 16/16 MP: 1/1
    33 | D:1      | Reached skill level 3 in Summonings
    88 | D:1      | Reached XP level 2. HP: 11/24 MP: 2/2
   220 | D:1      | Found Taam's Antique Weapon Shop.
   284 | D:1      | Learned a level 2 spell: Call Imp
   809 | D:2      | Found Pautatod's Assorted Antiques.
   846 | D:2      | Found a stormy altar of Qazlal.
   860 | D:2      | Reached XP level 3. HP: 31/31 MP: 0/3
  1911 | D:3      | Noticed a sky beast
  1950 | D:3      | Slain by a sky beast

Illustrated notes

Levels and vault maps discovered:
D:1:      psy_arrival_fountain, layout_basic, serial_shops, shop,
          minmay_misc_feat_plants
D:2:      layout_loops_cross, basic_altar, serial_shops, nicolae_diamond_shop
D:3:      layout_loops_ring

Skill      XL: |  1  2 |
---------------+-------+-----
Summonings     | 3 |  3.5
Dodging        | 2 |  2.7
Short Blades   | |  0.3
Maces & Flails | |  0.3
Stealth        | |  1.0
Spellcasting   | |  1.2

Action                   || total
-------------------------++-------
Melee: Unarmed           ||    16
       Club              ||    42
       Whip              ||    68
       Short sword       ||    37
 Cast: Call Imp          ||     9
  Use: Scroll            ||     7
       Potion            ||     1
 Stab: Sleeping          ||     5
Armor: Robe              ||    71
Dodge: Dodged            ||    97
